 Dungeon Crawl Stone Soup version 0.30-b1-2-g02819fbbbe (webtiles) character file.

Game seed: 9599800538981285826

14 Alarkh the Grave Robber (level 2, 19/19 HPs)
             Began as a Demonspawn Necromancer on July 7, 2023.
             Got out of the dungeon alive.
             The game lasted 00:01:02 (784 turns).

Alarkh the Grave Robber (Demonspawn Necromancer)     Turns: 784, Time: 00:01:02

Health: 19/19      AC:  2    Str:  8    XL:     2   Next: 27%
Magic:  5/5        EV: 12    Int: 16    God:
Gold:   32         SH:  0    Dex: 13    Spells: 4/5 levels left

rFire   . . .        (no weapon)
rCold   . . .        (no shield)
rNeg    . . .        a - +0 robe
rPois   .            (no helmet)
rElec   .            (no cloak)
rCorr   .            (no gloves)
SInv    .            (no boots)
Will    .....        (no amulet)
Stlth   ++           (no ring)
HPRegen 0.23/turn    (no ring)
MPRegen 0.09/turn

%: no passive effects
@: no status effects
A: hooves 1
a: no special abilities


You escaped.
You visited 1 branch of the dungeon, and saw 1 of its levels.

You collected 32 gold pieces.

Inventory:

Armour
 a - a +0 robe (worn)
Scrolls
 c - a scroll of immolation {unknown}
 e - a scroll of poison {unknown}
 f - a scroll of blinking {unknown}
 g - 2 scrolls of identify {unknown}
Potions
 b - a potion of magic
 d - a potion of haste {unknown}
 h - a potion of flight {unknown}
 i - a potion of might {unknown}


   Skills:
 - Level 1.7 Dodging
 - Level 1.7 Stealth
 + Level 2.2 Spellcasting
 * Level 4.9 Necromancy


You had 4 spell levels left.
You knew the following spells:

 Your Spells              Type           Power      Damage    Failure   Level
a - Necrotise             Necr           68%        1d7       2%          1

Your spell library contained the following spells:

 Spells                   Type           Power      Damage    Failure   Level
 Vampiric Draining        Necr           17%        2d7       9%          3
 Animate Dead             Necr           17%        N/A       26%         4
 Agony                    Necr           17%        N/A       58%         5


Dungeon Overview and Level Annotations

Branches:
Dungeon (1/15)

Altars:


Innate Abilities, Weirdness & Mutations

You have large cloven feet.


Message History

Aim: a bat (chance to affect: 87%)
The bat writhes in agony.
The bat misses you.
Casting: Necrotise (safe; 2% risk of failure)
Confirm with . or Enter, or press ? or * to list all spells.
Aiming: Necrotise (safe; 2% risk of failure)
Press: ? - help, Shift-Dir - straight line, f/p - bat
Aim: a bat (heavily wounded, chance to affect: 87%)
The bat writhes in agony.
You kill the bat!
Casting: Necrotise (safe; 2% risk of failure)
Confirm with . or Enter, or press ? or * to list all spells.
You can't see any susceptible monsters within range! (Use Z to cast anyway.)
h - a fuming brown potion You swap places.
Your bat skeleton crumbles into dust!
You see here a +0 dagger.
i - a ruby potion
g - 2 scrolls labelled NOTWU LIRPHEESS (gained 1)
You see here a +0 quarterstaff.
You see here a +0 club.
You see here a +0 mace.
Found a stone staircase leading down.
There is a stone staircase leading down here.
You open the door.
There is an open door here.
You open the door.
There is an open door here.
Found a ring mail.
No target in view!
Done exploring.
Done exploring.
Done exploring.
Unknown command.
There is an open door here.
There is a fountain of clear blue water here.
You enter the shallow water.
Moving in this stuff is going to be slow.
There is a staircase leading out of the dungeon here.
Are you sure you want to leave the Dungeon?
This will make you lose the game!
You have escaped!

#.# #≈≈≈~~≈~≈≈~≈≈≈##....#
#.#
#≈≈~~~≈~≈~~≈≈≈#..##.####
#.#
#≈≈≈~~~~≈~≈≈≈≈#.###.#...
#.########≈≈≈~~≈~~~≈≈≈≈#.#
#.#.##
#.#......#≈≈≈≈~~~~~≈≈≈≈#.#
#.#.#
#.#.######≈≈≈~~~~~≈≈≈≈≈###
#.#.# #.#.# #≈≈≈≈~~~~~≈≈≈≈#
#.#.#
....######≈≈~~~...~~≈≈≈#
#.#.#
##.###...#≈~~~..@..~~≈≈###
#.#.# ##.#
#.###≈≈~~~...~~~≈≈#.###.#.#
##.#
#...#≈≈≈~~~~~~~~≈≈#.....#.#
##.#
#.###≈≈≈≈≈≈≈≈≈≈≈≈≈#[#####.#
##.# #.#
#≈≈≈≈≈≈≈≈≈≈≈≈≈#######.#
##.# #.# #≈≈≈≈≈≈≈≈≈≈≈≈≈#
#....# ##.# #.#
############### #.#### ##.#
#.# #.# #.#.# #.# ##)###.#
#.# #.#.# #.#


There were no monsters in sight!

Vanquished Creatures
  A bat (D:1)
  A goblin (D:1)
  2 hobgoblins (D:1)
  2 kobolds (D:1)
  2 quokkas (D:1)
  A ball python (D:1)
  2 frilled lizards (D:1)
  A rat (D:1)
12 creatures vanquished.

Notes
Turn   | Place    | Note
-------+----------+-------------------------------------------
     0 | D:1      | Alarkh the Demonspawn Necromancer began the quest for the
                  | Orb.
     0 | D:1      | Reached XP level 1. HP: 13/13 MP: 3/3
    93 | D:1      | Found a faded altar of an unknown god.
   230 | D:1      | Gained mutation: You have large cloven feet. [demonic
                  | ancestry]
   230 | D:1      | Reached XP level 2. HP: 19/19 MP: 3/5
   784 | D:$      | Got out of the dungeon alive.

Illustrated notes

Levels and vault maps discovered:
D:1:      zaba_arrival_water, layout_loops_ring,
          shapermc_ecumenical_altar_mp_ritualfount

Action                     || total
---------------------------++-------
  Melee: Unarmed           ||     2
   Cast: Necrotise         ||    19
 Armour: Robe              ||     2
  Dodge: Dodged            ||     5
